 Dungeon Crawl Stone Soup version 0.23-b1-13-gf37ab262a9 (webtiles) character file.

Game seed: 17902182078172615161

1055 Peloso the Slasher (level 8, 0/69 HPs)
             Began as a Minotaur Fighter on Feb 3, 2019.
             Slain by Pikel
             ... wielding a +2 whip of electrocution
              (7 damage)
             ... on level 5 of the Dungeon.
             The game lasted 00:06:00 (3914 turns).

Peloso the Slasher (Minotaur Fighter)               Turns: 3914, Time: 00:06:01

Health: 0/69       AC: 11    Str: 22    XL:     8   Next: 5%
Magic:  0/7        EV:  7    Int:  5    God:
Gold:   266        SH: 10    Dex: 11    Spells: 7/7 levels left

rFire    . . .     SeeInvis .   a - +0 long sword
rCold    . . .     Gourm    .   c - +0 shield
rNeg     . . .     Faith    .   e - +0 chain mail
rPois    .         Spirit   +   (helmet restricted)
rElec    .         Reflect  .   z - scarf {Spirit}
rCorr    .         Harm     .   (no gloves)
MR       .....                  k - +0 pair of boots
Stlth    ..........             (no amulet)
HPRegen  0.21/turn              (no ring)
MPRegen  0.10/turn              (no ring)

@: no status effects
A: retaliatory headbutt, horns 2
a: no special abilities


You were on level 5 of the Dungeon.
You were not hungry.

You visited 1 branch of the dungeon, and saw 5 of its levels.

You collected 266 gold pieces.

Inventory:

Hand Weapons
 a - a +0 long sword (weapon)
 n - a +2 hand axe of flaming
Armour
 b - a +0 scale mail
 c - a +0 shield (worn)
 e - a +0 chain mail (worn)
 k - a +0 pair of boots (worn)
 z - a scarf of spirit shield (worn)
Jewellery
 r - a +4 ring of intelligence
Wands
 u - a wand of flame (19)
 x - a wand of clouds (5)
Scrolls
 j - a scroll of blinking {unknown}
 o - 2 scrolls of amnesia {unknown}
 q - 2 scrolls of remove curse {unknown}
 v - 2 scrolls of identify {unknown}
 w - a scroll of fear {unknown}
 y - a scroll of immolation {unknown}
 A - a scroll of noise {unknown}
 B - a scroll of teleportation {unknown}
Potions
 d - 2 potions of might
 g - 3 potions of lignification {unknown}
 h - a potion of cancellation {unknown}
 i - a potion of curing {unknown}
 l - 2 potions of invisibility {unknown}
 m - 2 potions of magic {unknown}
 p - a potion of agility {unknown}
 s - a potion of haste {unknown}
 t - a potion of resistance {unknown}
Comestibles
 f - 4 rations


   Skills:
 + Level 5.4 Fighting
 + Level 7.0 Long Blades
 + Level 6.4 Armour
 + Level 2.2 Dodging
 + Level 0.6 Stealth
 + Level 6.4 Shields


You had 7 spell levels left.
You didn't know any spells.
Your spell library contained the following spells:

 Spells                   Type           Power        Failure   Level  Hunger
 Animate Skeleton         Necr           N/A          100%        1    ##.....
 Pain                     Necr           #...         100%        1    ##.....
 Regeneration             Chrm/Necr      #.........   100%        3    ####...
 Vampiric Draining        Necr           #.........   100%        3    ####...
 Animate Dead             Necr           N/A          100%        4    #####..


Dungeon Overview and Level Annotations

Branches:
Dungeon (5/15)
 Temple: D:4-7

Altars:
Ashenzari
Cheibriados
Dithmenos
Elyvilon
Gozag
Vehumet
Zin

Annotations:
D:5 Pikel


Innate Abilities, Weirdness & Mutations

You reflexively headbutt those who attack you in melee.
You have a pair of horns on your head.


Message History

You block Pikel's attack.
You barely miss Pikel.
Pikel is severely wounded.
You block Pikel's attack.
Okay, then.
You hit Pikel but do no damage.
Pikel is severely wounded.
Pikel cracks his whip.
Pikel hits you with a +2 whip of electrocution.
* * * LOW HITPOINT WARNING * * *
You hit Pikel.
Pikel is severely wounded.
You block Pikel's attack.
You hit Pikel. Your headbutt misses Pikel.
Pikel is severely wounded.
You block Pikel's attack.
You miss Pikel. Your headbutt misses Pikel.
Pikel is severely wounded.
Pikel hits you but does no damage.
You are electrocuted!
You die...

#.....'.............+
###.....###+###.###'###
........# #.# #.# #.#
........# #.###.###.#
........# #...'.'...#
........# #####.##### ##+#
........# #.# .....
#######.#######'#######......
.>....†.........@Kpp)...#
.......#....#..####p##..#
.......#....#......(# .....
.......#....+.......# .......
#.###..#(...######### p######
########........)...# p#
..>....'............# .p
.......#............# S.
....# #..##..#............#
....#


You could see Pikel and 3 slaves.

Vanquished Creatures
  Grinder (D:5)
  Sigmund (D:3)
  A slave (D:5)
  An ogre (D:5)
  A centaur (D:5)
  A bullfrog (D:3)
  A scorpion (D:5)
  3 hounds (D:4)
  Jessica (D:3)
  An iguana (D:4)
  Natasha (twice) (D:3)
  2 orc wizards (D:5)
  Terence (D:2)
  A gnoll (D:4)
  5 adders
  2 oozes (D:1)
  4 worms
  4 dart slugs
  A leopard gecko (D:4)
  6 orcs
  9 bats
  4 giant cockroaches
  7 goblins
  4 hobgoblins
  4 jackals (D:3)
  2 quokkas (D:2)
  A ball python (D:3)
  6 frilled lizards
  4 kobolds
  7 rats
88 creatures vanquished.

Notes
Turn   | Place    | Note
-------+----------+-------------------------------------------
     0 | D:1      | Peloso the Minotaur Fighter began the quest for the Orb.
     0 | D:1      | Reached XP level 1. HP: 19/19 MP: 0/0
    65 | D:1      | Reached XP level 2. HP: 20/27 MP: 1/1
   280 | D:1      | Reached XP level 3. HP: 34/34 MP: 2/2
   559 | D:2      | Noticed Terence
   579 | D:2      | Killed Terence
   579 | D:2      | Reached skill level 3 in Long Blades
   579 | D:2      | Reached XP level 4. HP: 25/41 MP: 3/3
   871 | D:2      | Found a radiant altar of Vehumet.
  1279 | D:2      | Found a shadowy altar of Dithmenos.
  1532 | D:3      | Noticed a bullfrog
  1542 | D:3      | Killed a bullfrog
  1542 | D:3      | Reached skill level 4 in Long Blades
  1542 | D:3      | Reached skill level 1 in Dodging
  1542 | D:3      | Reached XP level 5. HP: 15/47 MP: 4/4
  1884 | D:3      | Noticed Natasha
  1890 | D:3      | Killed Natasha
  1999 | D:3      | Found a snail-covered altar of Cheibriados.
  2223 | D:3      | Noticed Jessica
  2234 | D:3      | Killed Jessica
  2504 | D:3      | Noticed Natasha
  2515 | D:3      | Killed Natasha
  2515 | D:3      | Reached skill level 5 in Long Blades
  2515 | D:3      | Reached XP level 6. HP: 43/55 MP: 5/5
  2541 | D:3      | Noticed Sigmund
  2558 | D:3      | Killed Sigmund
  2558 | D:3      | Reached skill level 5 in Fighting
  2558 | D:3      | Reached skill level 5 in Armour
  2558 | D:3      | Reached skill level 5 in Shields
  2840 | D:4      | Reached skill level 6 in Long Blades
  2840 | D:4      | Reached XP level 7. HP: 61/61 MP: 6/6
  3227 | D:5      | Entered Level 5 of the Dungeon
  3377 | D:5      | Noticed Grinder
  3385 | D:5      | Paralysed by Grinder for 5 turns
  3397 | D:5      | Killed Grinder
  3569 | D:5      | Found a shattered altar of Ashenzari.
  3597 | D:5      | Found a glowing silver altar of Zin.
  3599 | D:5      | Found an opulent altar of Gozag.
  3668 | D:5      | Found a white marble altar of Elyvilon.
  3891 | D:5      | Noticed Pikel
  3895 | D:5      | Reached skill level 7 in Long Blades
  3895 | D:5      | Reached XP level 8. HP: 42/69 MP: 3/7
  3914 | D:5      | Slain by Pikel

Skill      XL: |  1  2  3  4  5  6  7 |
---------------+----------------------+-----
Fighting       | 4 5 |  5.4
Armour         | 4 5 6 |  6.4
Shields        | 4 5 6 |  6.4
Long Blades    | 3 4 5 6 7 |  7.0
Dodging        | 1 2 |  2.2
Stealth        | |  0.6

Action                   |  1- 3 |  4- 6 |  7- 9 || total
-------------------------+-------+-------+-------++-------
Melee: Long sword        |    74 |   137 |    90 ||   301
       Headbutt          |    11 |    29 |    20 ||    60
Evoke: Wand              |       |       |     1 ||     1
  Eat: Chunk             |       |     6 |     4 ||    10
Armor: Scale mail        |    45 |       |       ||    45
       Chain mail        |       |    55 |    41 ||    96
Dodge: Dodged            |    29 |    29 |    26 ||    84
Block: Shield            |    50 |    86 |    43 ||   179
       Rpst.: Long sword |     7 |     8 |     9 ||    24
